 Dungeon Crawl Stone Soup version 0.28.0-62-gf88900778d (webtiles) character file.

Game seed: 6078000657275033284

507 nicanaca0 the Basher (level 6, 0/50 (53) HPs)
             Began as a Minotaur Berserker on Jan 3, 2024.
             Was a Believer of Trog.
             Slain by a wight
             ... wielding a +2 war axe
              (4 damage)
             ... on level 4 of the Dungeon.
             The game lasted 00:05:19 (3764 turns).

nicanaca0 the Basher (Minotaur Berserker)           Turns: 3764, Time: 00:05:20

HP:   0/50 (53)     AC:  6    Str: 22    XL:     6   Next: 97%
MP:   5/5           EV: 10    Int:  6    God:    Trog [**....]
Gold: 102           SH:  0    Dex:  9    Spells: 5/5 levels left

rFire   . . .      SeeInvis .   a - +0 mace
rCold   . . .      Faith    .   (no shield)
rNeg    . . .      Spirit   .   l - +0 scale mail
rPois   .          Reflect  .   (helmet restricted)
rElec   .          Harm     .   (no cloak)
rCorr   .          Rampage  .   (no gloves)
Will    .....                   (no boots)
Stlth   ..........              (no amulet)
HPRegen 0.16/turn               (no ring)
MPRegen 0.09/turn               (no ring)

@: drained
A: horns 2, retaliatory headbutt
a: Renounce Religion, Berserk, Trog's Hand


You were on level 4 of the Dungeon.
You worshipped Trog.
Trog was pleased with you.
You visited 1 branch of the dungeon, and saw 4 of its levels.

You collected 102 gold pieces.

Inventory:

Hand Weapons
 a - a +0 mace (weapon)
 p - a +2 quarterstaff of chaos
Missiles
 m - 91 stones (quivered)
Armour
 b - a +0 animal skin
 l - a +0 scale mail (worn)
 o - a +0 cloak
 r - a +0 plate armour
Jewellery
 t - a ring of flight
 w - a ring of poison resistance
Wands
 q - a wand of flame (10)
Scrolls
 c - 4 scrolls of identify {unknown}
 e - 2 scrolls of teleportation {unknown}
 j - a scroll of amnesia {unknown}
 k - 2 scrolls of torment {unknown}
 s - a scroll of magic mapping {unknown}
 u - a scroll of blinking {unknown}
Potions
 d - a potion of might {unknown}
 f - a potion of heal wounds {unknown}
 g - 2 potions of attraction {unknown}
 h - a potion of cancellation {unknown}
 i - a potion of curing {unknown}
 n - a potion of flight {unknown}
 v - 2 potions of brilliance {unknown}


   Skills:
 + Level 4.4 Fighting
 * Level 8.8 Maces & Flails
 + Level 3.5 Armour
 - Level 2.1 Dodging


You had 5 spell levels left.
You didn't know any spells.
Your spell library was empty.

Dungeon Overview and Level Annotations

Branches:
Dungeon (4/15)             Temple (0/1) D:4

Altars:
Cheibriados
Fedhas
Gozag
Okawaru
Ru
Wu Jian

Annotations:
D:4 2 transporters, Garym's ghost, amateur MiFi


Innate Abilities, Weirdness & Mutations

You have a pair of horns on your head.
You reflexively headbutt those who attack you in melee.


Message History

You closely miss the quokka. The quokka bites you.
You sock the quokka!
You kill the quokka!
Trog accepts your kill.
You barely miss the wight. Your headbutt misses the wight.
The wight hits you with a +2 great sword.
You closely miss the wight.
The wight hits you with a +2 great sword!
You hit the wight but do no damage. The wight closely misses you.
You sock the wight! You headbutt the wight.
The wight is heavily damaged.
The wight hits you with a +2 great sword!
You sock the wight!
You destroy the wight!
Trog accepts your kill.
You hit the wight. You headbutt the wight.
The wight is moderately damaged.
The wight barely misses you. You furiously retaliate!
You headbutt the wight. You hit the wight. Your headbutt misses the wight.
The wight is severely damaged.
The wight hits you with a +2 war axe.
You closely miss the wight.
The wight is severely damaged.
The wight hits you with a +2 war axe!
* * * LOW HITPOINT WARNING * * *
You feel drained.
* * * LOW HITPOINT WARNING * * *
You hit the wight.
The wight is almost destroyed.
The wight barely misses you.
You closely miss the wight.
The wight is almost destroyed.
The wight hits you with a +2 war axe!
* * * LOW HITPOINT WARNING * * *
You feel drained.
* * * LOW HITPOINT WARNING * * *
You completely miss the wight.
The wight is almost destroyed.
The wight hits you with a +2 war axe.
You die...

.# .. .# .. .### .z.
####################(######
................@z.).......
####################.######
.# .# ##


You could see a wight.

Vanquished Creatures
  Sigmund (D:2)
  2 wights (D:4)
  2 orc priests (D:3)
  A bullfrog skeleton (D:4)
  2 hounds
  Crazy Yiuf (D:2)
  2 adders
  A worm (D:2)
  2 dart slugs
  2 orcs (D:3)
  8 ball pythons
  8 bats
  6 endoplasms
  2 giant cockroaches
  8 goblins
  7 hobgoblins
  3 quokkas
  4 frilled lizards
  9 kobolds
  4 rats
75 creatures vanquished.

Notes
Turn   | Place    | Note
-------+----------+-------------------------------------------
     0 | D:1      | nicanaca0 the Minotaur Berserker began the quest for the
                  | Orb.
     0 | D:1      | Reached XP level 1. HP: 19/19 MP: 0/0
    27 | D:1      | Reached skill level 4 in Maces & Flails
   195 | D:1      | Reached XP level 2. HP: 26/26 MP: 1/1
   432 | D:1      | You fall into a shaft and drop 1 floor!
   480 | D:2      | Noticed Sigmund
   488 | D:2      | Killed Sigmund
   489 | D:2      | Reached skill level 7 in Maces & Flails
   489 | D:2      | Reached XP level 3. HP: 30/31 MP: 2/2
   489 | D:2      | Reached XP level 4. HP: 38/39 MP: 3/3
   489 | D:2      | Reached XP level 5. HP: 44/45 MP: 4/4
   918 | D:1      | Reached ** piety under Trog
  1728 | D:2      | Found a runed translucent door.
  1729 | D:2      | Noticed Crazy Yiuf
  1934 | D:2      | Killed Crazy Yiuf
  2085 | D:3      | Found an iron altar of Okawaru.
  2226 | D:3      | Found a sacrificial altar of Ru.
  2232 | D:3      | Found an ornate altar of the Wu Jian Council.
  2235 | D:3      | Found an opulent altar of Gozag.
  2243 | D:3      | Found a snail-covered altar of Cheibriados.
  2250 | D:3      | Found a blossoming altar of Fedhas.
  2302 | D:3      | Reached skill level 8 in Maces & Flails
  2510 | D:3      | Reached XP level 6. HP: 52/52 MP: 5/5
  3416 | D:4      | Found a transporter.
  3425 | D:4      | Identified the +10 giant club of the Countless Seers
                  | {vorpal, Int+3}
  3425 | D:4      | Noticed Garym's ghost (amateur MiFi)
  3436 | D:4      | Found a staircase to the Ecumenical Temple.
  3444 | D:4      | Found a transporter.
  3764 | D:4      | Slain by a wight

Illustrated notes

Levels and vault maps discovered:
D:1:      wander_arrival_chamber, layout_basic
D:2:      layout_rooms, uniq_crazy_yiuf_cottage, uniq_sigmund
D:3:      layout_basic, nicolae_overflow_hallway_of_the_gods
D:4:      layout_basic, minmay_temple_entry_antechambers, gammafunk_ghost_smash

Skill      XL: |  1  2  3  4  5  6 |
---------------+-------------------+-----
Maces & Flails | 4 7 8 |  8.8
Fighting       | 4 |  4.4
Armour         | 3 |  3.5
Dodging        | |  2.1

Action                   |  1- 3 |  4- 6 || total
-------------------------+-------+-------++-------
Melee: Mace              |    31 |   134 ||   165
       Headbutt          |     7 |    22 ||    29
Throw: Stone             |       |    82 ||    82
Invok: Berserk           |     1 |     2 ||     3
Armor: Animal skin       |     4 |     6 ||    10
       Scale mail        |       |    22 ||    22
Dodge: Dodged            |    19 |    71 ||    90
